 Dungeon Crawl Stone Soup version 0.22.0-6-g71bd7aa (webtiles) character file.

172 KLATTERAL the Grave Robber (level 5, -35/41 HPs)
             Began as a Minotaur Necromancer on Aug 15, 2018.
             Killed from afar by a gnoll (40 damage)
             ... with an exploding inner flame
             ... hexed by the player character
             ... on level 3 of the Dungeon.
             The game lasted 00:45:58 (3116 turns).

KLATTERAL the Grave Robber (Minotaur Necromancer)   Turns: 3116, Time: 00:45:59

Health: -35/41     AC:  5    Str: 13    XL:     5   Next: 27%
Magic:  3/7        EV: 11    Int: 13    God:
Gold:   110        SH:  0    Dex: 10    Spells: 3/8 levels left

rFire    . . .     SeeInvis .   m - +1 spear
rCold    . . .     Gourm    .   (no shield)
rNeg     . . .     Faith    .   g - +0 ring mail
rPois    +         Spirit   .   (helmet restricted)
rElec    .         Reflect  .   (no cloak)
rCorr    .         Harm     .   (no gloves)
MR       .....                  (no boots)
Stlth    +.........             (no amulet)
HPRegen  0.13/turn              i - ring of poison resistance
MPRegen  0.10/turn              k - ring of wizardry

@: no status effects
A: retaliatory headbutt, horns 2
a: no special abilities


You were on level 3 of the Dungeon.
You were hungry.

You visited 1 branch of the dungeon, and saw 3 of its levels.

You collected 110 gold pieces.

Inventory:

Hand Weapons
 m - a +1 spear (weapon)
Missiles
 e - 24 sling bullets
Armour
 a - a +0 leather armour
 g - a +0 ring mail (worn)
 n - a +0 shield
Jewellery
 i - a ring of poison resistance (left hand)
 j - an uncursed ring of see invisible
 k - a ring of wizardry (right hand)
Scrolls
 f - 2 scrolls of remove curse
 h - 3 scrolls of identify
 p - a scroll of teleportation
Potions
 b - 3 potions of degeneration
 o - a potion of might {unknown}
Comestibles
 c - 4 rations
 l - a chunk of flesh


   Skills:
 * Level 1.7 Fighting
   Level 0.3 Maces & Flails
 + Level 1.7 Armour
 + Level 3.2 Dodging
 - Level 1.5 Stealth
 * Level 2.1 Spellcasting
 + Level 3.8 Necromancy


You had 3 spell levels left.
You knew the following spells:

 Your Spells              Type           Power        Failure   Level  Hunger
a - Pain                  Necr           ##..         4%          1    ##.....
b - Animate Skeleton      Necr           N/A          4%          1    ##.....
c - Vampiric Draining     Necr           ##........   13%         3    ####...

Your spell library contained the following spells:

 Spells                   Type           Power        Failure   Level  Hunger
 Animate Dead             Necr           N/A          38%         4    #####..
 Regeneration             Chrm/Necr      #.........   28%         3    ####...


Dungeon Overview and Level Annotations

Branches:
Dungeon (3/15)

Altars:
Cheibriados
Makhleb
Wu Jian

Annotations:
D:3 3 runed doors


Innate Abilities, Weirdness & Mutations

You reflexively headbutt those who attack you in melee.
You have a pair of horns on your head.


Message History

Okay, then.
You barely miss the gnoll.
The gnoll is heavily wounded.
The jackal bites you but does no damage.
The gnoll hits you!
* * * LOW HITPOINT WARNING * * *
As you read the scroll of immolation, it crumbles to dust.
The creatures around you are filled with an inner flame!
The jackal barely misses you.
Your gnoll skeleton hits the jackal with a flail.
The gnoll barely misses you. The jackal barely misses you.
Casting: Animate Skeleton (safe; 4% risk of failure)
Confirm with . or Enter, or press ? or * to list all spells.
Aiming: Vampiric Draining (safe; 13% risk of failure)
Press: ? - help, Shift-Dir - straight line, f/p - gnoll
Aim: a gnoll (heavily wounded, inner flame)
The gnoll explodes!
The fiery explosion engulfs you!
Ouch! That really hurt!
You die...

####.. ...#.......#....#
#..###+++###.............
#...........#............
#...........#....##......
...........#............
#........#............
#..Z.....#.......#####
...#..§h§...#.......###
.......§@.............#
.......§##............#
........##............#
........##............#
........#######.......#
...###### #.......# ...
######### ##


You could see a jackal (inner flame) and a friendly gnoll skeleton (inner
flame).

Vanquished Creatures
  A hound (D:2)
  3 adders
  A gnoll (D:3)
  2 oozes (D:2)
  2 worms
  3 dart slugs
  4 giant cockroaches
  3 goblins
  8 hobgoblins
  9 jackals
  8 kobolds
  A quokka (D:2)
  2 ball pythons
  8 bats
  5 frilled lizards
  5 rats
65 creatures vanquished.

Vanquished Creatures (collateral kills)
  A gnoll (D:3)
  An ooze (D:1)
  A worm (D:2)
  2 dart slugs
  2 goblins
  A kobold (D:2)
  3 bats
  A rat (D:1)
12 creatures vanquished.

Vanquished Creatures (others)
  A goblin (D:3)
1 creature vanquished.

Grand Total: 78 creatures vanquished

Notes
Turn   | Place    | Note
-------+----------+-------------------------------------------
     0 | D:1      | KLATTERAL the Minotaur Necromancer began the quest for the Orb.
     0 | D:1      | Reached XP level 1. HP: 14/14 MP: 1/1
    31 | D:1      | Learned a level 1 spell: Animate Skeleton
   252 | D:1      | Reached XP level 2. HP: 17/20 MP: 3/3
   687 | D:1      | Reached XP level 3. HP: 24/26 MP: 4/4
  1850 | D:2      | Reached XP level 4. HP: 21/33 MP: 0/5
  2064 | D:2      | Learned a level 3 spell: Vampiric Draining
  2412 | D:2      | Found a snail-covered altar of Cheibriados.
  2447 | D:2      | Reached skill level 1 in Fighting
  2485 | D:2      | Found a burning altar of Makhleb.
  2498 | D:2      | Reached skill level 1 in Armour
  3032 | D:3      | Reached XP level 5. HP: 37/40 MP: 3/7
  3043 | D:3      | Found an ornate altar of the Wu Jian Council.
  3090 | D:3      | Found a runed gate.
  3090 | D:3      | Found a runed gate.
  3090 | D:3      | Found a runed gate.
  3116 | D:3      | Killed from afar by a gnoll

Skill      XL: |  1  2  3  4 |
---------------+-------------+-----
Necromancy     | 3 |  3.8
Dodging        | 3 |  3.2
Fighting       | 1 |  1.7
Armour         | 1 |  1.7
Spellcasting   | 2 |  2.1
Maces & Flails | |  0.3
Stealth        | |  1.5

Action                   |  1- 3 |  4- 6 || total
-------------------------+-------+-------++-------
Melee: Unarmed           |     7 |       ||     7
       Club              |    52 |       ||    52
       Headbutt          |    11 |    13 ||    24
       Spear             |    27 |    78 ||   105
Throw: Throwing net      |     2 |     1 ||     3
 Cast: Animate Skeleton  |    21 |    13 ||    34
       Pain              |    10 |     4 ||    14
       Vampiric Draining |       |     2 ||     2
  Use: Scroll            |     4 |     5 ||     9
       Potion            |     1 |       ||     1
 Stab: Held in net/web   |       |     1 ||     1
  Eat: Chunk             |     4 |     4 ||     8
Armor: Ring mail         |    55 |    25 ||    80
Dodge: Dodged            |   121 |    46 ||   167
